 Dungeon Crawl Stone Soup version 0.22.1-2-g9c5b331383 (webtiles) character file.

1654 Gargoyl the Chopper (level 8, -8/67 HPs)
             Began as a Centaur Abyssal Knight on Dec 16, 2018.
             Was a Priest of Lugonu.
             Mangled by lilly's ghost (9 damage)
             ... on level 6 of the Dungeon.
             The game lasted 00:10:59 (7294 turns).

Gargoyl the Chopper (Centaur Abyssal Knight)        Turns: 7294, Time: 00:11:00

Health: -8/67      AC: 10    Str: 19 (21) XL:     8   Next: 68%
Magic:  11/11      EV:  7    Int:  8 (11) God:    Lugonu [***...]
Gold:   273        SH:  3    Dex:  9 (10) Spells: 7/7 levels left

rFire    . . .     SeeInvis .   j - +2 war axe
rCold    . . .     Gourm    .   o - +0 buckler
rNeg     . . .     Faith    .   f - +1 scale mail
rPois    .         Spirit   .   l - +1 helmet
rElec    .         Reflect  .   d - scarf {repulsion}
rCorr    +         Harm     .   (no gloves)
MR       .....                  (no barding)
Stlth    ..........             (no amulet)
HPRegen  0.21/turn              m - ring of stealth
MPRegen  0.12/turn              s - ring of resist corrosion

@: mighty, hasted, repel missiles, very quick
A: large, hooves 3, deformed body, speed 2, tough skin 3
a: Depart the Abyss, Bend Space, Banish, Renounce Religion


You were on level 6 of the Dungeon.
You worshipped Lugonu.
Lugonu was most pleased with you.
You were not hungry.

You visited 1 branch of the dungeon, and saw 6 of its levels.
You visited the Abyss 1 time.

You collected 343 gold pieces.
You spent 70 gold pieces at shops.

Inventory:

Hand Weapons
 a - a +1 hand axe
 j - a +2 war axe (weapon)
Missiles
 r - 3 tomahawks (quivered)
Armour
 d - a scarf of repulsion (worn)
 f - a +1 scale mail (worn)
 l - a +1 helmet (worn)
 o - a +0 buckler (worn)
Jewellery
 m - a ring of stealth (left hand)
 s - a ring of resist corrosion (right hand)
Wands
 n - a wand of iceblast (12)
Scrolls
 k - 3 scrolls of remove curse
Potions
 b - 2 potions of curing
 e - a potion of heal wounds
 g - 2 potions of degeneration
 h - a potion of haste
 i - 3 potions of might
 p - 3 potions of lignification {unknown}
Comestibles
 c - 12 rations


   Skills:
 + Level 4.9 Fighting
 + Level 5.6 Axes
 + Level 1.3 Throwing
 * Level 5.3 Armour
 + Level 1.7 Dodging
 + Level 0.1 Shields
 * Level 4.9 Invocations
 + Level 0.1 Evocations


You had 7 spell levels left.
You didn't know any spells.
Your spell library was empty.

Dungeon Overview and Level Annotations

Branches:
Dungeon (6/15)             Temple (0/1) D:6

Altars:
Cheibriados
Elyvilon
Gozag
Kikubaaqudgha
Makhleb
Ru
Uskayaw
Vehumet

Shops:
D:5 !

Annotations:
D:3 2 transporters, CInkIbrahim's ghost, amateur OpAK
D:6 Elesmirel's ghost, novice TrFi; lilly's ghost, novice MiFi


Innate Abilities, Weirdness & Mutations

You have hooves in place of feet.
Armour fits poorly on your strangely shaped body.
You cover ground very quickly.
You have extremely tough skin. (AC +3)


Message History

You slash lilly's ghost! Your kick misses lilly's ghost.
Lilly's ghost is moderately damaged.
Lilly's ghost hits you.
You slice lilly's ghost!!
Lilly's ghost is heavily damaged.
You completely miss lilly's ghost.
Lilly's ghost is heavily damaged.
Lilly's ghost hits you!
You are electrocuted!
* * * LOW HITPOINT WARNING * * *
You closely miss lilly's ghost. Your kick misses lilly's ghost.
Lilly's ghost is heavily damaged.
Lilly's ghost hits you but does no damage.
You hit lilly's ghost but do no damage. Your kick misses lilly's ghost.
Lilly's ghost is heavily damaged.
Lilly's ghost hits you.
* * * LOW HITPOINT WARNING * * *
You barely miss lilly's ghost.
Lilly's ghost is heavily damaged.
Lilly's ghost hits you!
You die...

##.'.....P#.......##.
#..'.....⌠#.......##.
#..W......#.......##>
#..#......#.......##.
#..#....8##.......##.
#.##.⌠P.##........###
#.# #####.........###
#.#######.........#..
#.WW@................
#########.........###
#####.###.# ##.....#
#...####
##########..##
#.......<...# ##
#.........#.# #.
#.........#.# #.


You could see Elesmirel's ghost and lilly's ghost.

Vanquished Creatures
  Sigmund (D:5)
  Menkaure (D:5)
  2 phantoms
  An orc warrior (D:6)
  An ogre (D:5)
  2 centaurs
  A necrophage (D:5)
  A howler monkey (D:5)
  A crimson imp (D:5)
  A centaur zombie (D:5)
  An orc priest (D:6)
  A hound (D:4)
  A jelly (D:5)
  A gnoll shaman (D:4)
  A centaur skeleton (D:5)
  Ijyb (D:3)
  4 orc wizards
  6 worker ants
  8 gnolls
  3 adders
  An ooze (D:3)
  An adder skeleton (D:4)
  3 worms (D:3)
  A dart slug (D:3)
  3 leopard geckos
  18 orcs
  12 goblins
  8 hobgoblins
  6 jackals (D:3)
  16 kobolds
  A quokka (D:2)
  A ball python (D:1)
  7 bats
  3 frilled lizards
  A quokka skeleton (D:5)
  4 rats
125 creatures vanquished.

Vanquished Creatures (others)
  2 withered plants (D:6)
2 creatures vanquished.

Grand Total: 127 creatures vanquished

Notes
Turn   | Place    | Note
-------+----------+-------------------------------------------
     0 | Abyss:1  | Gargoyl the Centaur Abyssal Knight began the quest for the
                  | Orb.
     0 | Abyss:1  | Reached XP level 1. HP: 19/19 MP: 2/2
    82 | Abyss:1  | Noticed a hellwing
   118 | Abyss:1  | Noticed a sixfirhy
   119 | D:1      | Escaped the Abyss
   544 | D:1      | Reached XP level 2. HP: 24/26 MP: 3/3
   917 | D:2      | Reached * piety under Lugonu
  1353 | D:2      | Reached XP level 3. HP: 30/33 MP: 4/4
  1954 | D:3      | Reached ** piety under Lugonu
  1992 | D:3      | Found an opulent altar of Gozag.
  2077 | D:3      | Found a snail-covered altar of Cheibriados.
  2211 | D:3      | Noticed Ijyb
  2228 | D:3      | Killed Ijyb
  2228 | D:3      | Reached XP level 4. HP: 36/40 MP: 5/5
  2454 | D:3      | Found a transporter.
  2464 | D:3      | Noticed CInkIbrahim's ghost (amateur OpAK)
  2465 | D:3      | Noticed an ogre
  2467 | D:3      | Noticed an ogre
  2469 | D:3      | Noticed an ogre
  2540 | D:3      | Found a transporter.
  2647 | D:3      | Reached XP level 5. HP: 35/46 MP: 6/6
  3319 | D:4      | Reached skill level 1 in Dodging
  3446 | D:4      | Found a sacrificial altar of Ru.
  3599 | D:4      | Reached XP level 6. HP: 52/52 MP: 8/8
  3667 | D:4      | Reached *** piety under Lugonu
  4004 | D:5      | Entered Level 5 of the Dungeon
  4452 | D:5      | Reached XP level 7. HP: 46/59 MP: 9/9
  4796 | D:5      | Noticed Menkaure
  4907 | D:5      | Killed Menkaure
  5368 | D:5      | Found Vecar's Distillery.
  5371 | D:5      | Noticed Sigmund
  5396 | D:5      | Reached XP level 8. HP: 58/65 MP: 11/11
  5609 | D:5      | Killed Sigmund
  5609 | D:5      | Reached skill level 5 in Axes
  5758 | D:5      | Bought a potion of heal wounds for 70 gold pieces
  5975 | D:5      | Reached skill level 5 in Armour
  6093 | D:5      | Found a white marble altar of Elyvilon.
  6114 | D:5      | Reached skill level 1 in Throwing
  6313 | D:6      | Found a radiant altar of Vehumet.
  6848 | D:6      | Found an ancient bone altar of Kikubaaqudgha.
  6971 | D:6      | Found a staircase to the Ecumenical Temple.
  7016 | D:6      | Noticed a dagger
  7017 | D:6      | Noticed a dagger
  7057 | D:6      | Found a hide-covered altar of Uskayaw.
  7082 | D:6      | Found a burning altar of Makhleb.
  7161 | D:6      | Found a runed gate.
  7162 | D:6      | Found a runed gate.
  7162 | D:6      | Found a runed gate.
  7163 | D:6      | Noticed lilly's ghost (novice MiFi)
  7164 | D:6      | Noticed Elesmirel's ghost (novice TrFi)
  7293 | D:6      | HP: 1/67 [lilly's ghost (4)]
  7294 | D:6      | Mangled by lilly's ghost

Skill      XL: |  1  2  3  4  5  6  7  8 |
---------------+-------------------------+-----
Axes           | 2 3 4 5 |  5.6
Armour         | 2 3 4 5 |  5.3
Fighting       | 4 |  4.9
Dodging        | 1 |  1.7
Invocations    | 3 4 |  4.9
Throwing       | 1 |  1.3
Shields        | |  0.1
Evocations     | |  0.1

Action                   |  1- 3 |  4- 6 |  7- 9 || total
-------------------------+-------+-------+-------++-------
Melee: Hand axe          |    99 |   155 |    79 ||   333
       Kick              |    25 |    33 |    48 ||   106
       War axe           |       |       |    99 ||    99
Throw: Tomahawk          |       |       |     5 ||     5
Invok: Depart the Abyss  |     1 |       |       ||     1
Evoke: Wand              |       |     3 |       ||     3
  Use: Scroll            |     6 |     2 |     5 ||    13
       Potion            |       |       |     5 ||     5
  Eat: Chunk             |     2 |     5 |     7 ||    14
       Ration            |       |       |     1 ||     1
Armor: Leather armour    |     6 |       |       ||     6
       Scale mail        |    63 |    99 |    93 ||   255
Dodge: Dodged            |    50 |    57 |    56 ||   163
       Deflected         |     6 |     4 |     1 ||    11
Block: Buckler           |       |       |    10 ||    10
